AoeStats
← Toblerone Order

MegaRandom

507819201Analyzed
3v3 RM · 13d ago on Sep 19, 2026· 28m 56s· 6 players
Game mode
Random Map
Map size
Normal (6 player)
Population
200
Speed
Normal
Resources
Standard
Victory
Conquest
Starting age
Dark Age
Ending age
Imperial Age
RankedLock teamsTeams togetherTeam positionsShared explorationLock speedFull tech treeHidden civsTurbo modeCheats
Victory
Defeat
🇺🇸 Koreans · United States
1594
+14
🇺🇸 Wu · United States
1579
+14
🇹🇷 Persians · Türkiye
1560
+15
🇩🇪 Britons · Germany
1601
-17
🇩🇪 Khitans · Germany
1561
-15
🇩🇪 Burgundians · Germany
1461
-11
Red_Iffun
3:14 Double-Bit Axe
7:22 Loom
9:29 Feudal Age
10:35 Bow Saw
10:08 Horse Collar
17:58 Castle Age
23:26 Fletching
26:31 Bodkin Arrow
27:02 Padded Archer Armor
28:20 Ballistics
MatzeAoE
6:19 Loom
8:45 Feudal Age
8:54 Man-at-Arms
9:34 Double-Bit Axe
11:01 Horse Collar
13:56 Town Watch
23:16 Castle Age
25:24 Bow Saw
26:40 Stone Mining
Prince <3
10:58 Feudal Age
15:41 Castle Age
15:40 Forging
15:36 Scale Barding Armor
22:31 Scale Barding Armor
22:54 Husbandry
23:44 Loom
Rhogal
7:00 Loom
9:28 Feudal Age
13:05 Double-Bit Axe
15:12 Fletching
15:18 Horse Collar
22:45 Castle Age
23:01 Crossbowman
23:57 Bodkin Arrow
25:54 Wheelbarrow
26:55 Ballistics
28:01 Thumb Ring
Toblerone Order
7:00 Loom
9:20 Feudal Age
9:39 Double-Bit Axe
21:56 Castle Age
20:50 Bloodlines
20:28 Horse Collar
21:30 Scale Barding Armor
21:35 Forging
21:21 Gold Mining
22:28 Heavy Plow
23:57 Stone Mining
25:32 Gold Shaft Mining
26:24 Chain Barding Armor
27:52 Husbandry
30:09 Wheelbarrow
OmerGomer
6:35 Loom
9:04 Feudal Age
12:45 Fletching
14:19 Horse Collar
21:39 Castle Age
20:29 Double-Bit Axe
20:48 Padded Archer Armor
21:44 Crossbowman
22:32 Bodkin Arrow
25:20 Ballistics
28:45 Leather Archer Armor
Connection lost

Rejoining the realm…

Still unreachable

The connection could not be restored.

Session expired

The server has moved on; the page needs a fresh start.